 Dungeon Crawl Stone Soup version 0.30-a0-341-g682706514a (webtiles) character file.

Game seed: 16981388241143179897

3043 koil the Covert (level 9, -1/47 HPs)
             Began as a Spriggan Brigand on Nov 2, 2022.
             Was a Plaything of Xom.
             Killed by divine providence
             ... invoked by an orc priest
              (9 damage)
             ... on level 7 of the Dungeon.
             The game lasted 00:29:35 (5767 turns).

koil the Covert (Spriggan Brigand)                  Turns: 5767, Time: 00:29:36

Health: -1/47      AC: 14    Str:  7    XL:     9   Next: 56%
Magic:  20/20      EV: 22    Int: 16    God:    Xom [.*....]
Gold:   628        SH:  0    Dex: 17    Spells: 17/22 levels left

rFire   + . .      SeeInvis +    a - +2 dagger (protect)
rCold   . . .      Faith    .    (no shield)
rNeg    + . .      Spirit   .    j - +0 robe
rPois   +          Reflect  .    (helmet restricted)
rElec   +          Harm     .    E - +2 cloak {rCorr}
rCorr   +          Rampage  .    (gloves unavailable)
Will    ++...                    (boots unavailable)
Stlth   +++.......               (no amulet)
HPRegen 0.27/turn                w - ring of fire
MPRegen 0.17/turn                t - ring of Irrepressible Laughter {rElec rC+ rN+ rCorr Stlth+}

@: confused, under a protective aura, very quick
A: very small, no large weapons, unfitting armour, see invisible, speed 3,
iridescent scales 1, strong-willed 1, poison resistance
a: Renounce Religion


You were on level 7 of the Dungeon.
You worshipped Xom.
You were a plaything of Xom.
You visited 2 branches of the dungeon, and saw 8 of its levels.

You collected 742 gold pieces.
You spent 114 gold pieces at shops.

Inventory:

Hand Weapons
 a - a +2 dagger of protection (weapon)
 f - a +0 scythe
 q - a +2 short sword
 H - a +0 rapier of electrocution
Missiles
 d - 18 poisoned darts (quivered)
 e - 7 curare-tipped darts
 A - a throwing net
Armour
 b - a +0 robe
 j - a +0 robe (worn)
 E - a +2 cloak of preservation (worn)
Jewellery
 t - the ring of Irrepressible Laughter (right hand) {rElec rC+ rN+ rCorr Stlth+}
   (Xom gifted it to you on level 6 of the Dungeon)

   [ring of resist corrosion]

   rC:        It protects you from cold.
   rElec:     It insulates you from electricity.
   rN:        It protects you from negative energy.
   rCorr:     It protects you from acid and corrosion.
   Stlth:     It makes you more stealthy.
 w - a ring of fire (left hand)
 y - a ring of positive energy
Wands
 v - a wand of paralysis (16)
 x - a wand of roots (10)
Scrolls
 c - a scroll of enchant armour
 m - 3 scrolls of teleportation
 n - a scroll of fog
 u - a scroll of poison
Potions
 g - a potion of haste
 h - a potion of invisibility
 i - 2 potions of resistance
 l - 4 potions of heal wounds
 o - 2 potions of flight
 p - 9 potions of curing
 r - 2 potions of brilliance
 s - a potion of might


   Skills:
 + Level 5.3 Fighting
 + Level 6.9 Short Blades
 - Level 2.0 Throwing
 + Level 7.9 Dodging
 - Level 8.1 Stealth
 + Level 7.0 Spellcasting
 - Level 5.0 Hexes


You had 17 spell levels left.
You knew the following spells:

 Your Spells              Type           Power      Damage    Failure   Level
a - Confusing Touch       Hex            21%        N/A       4%          3
b - Ensorcelled Hibernat  Hex/Ice        26%        N/A       7%          2

Your spell library contained the following spells:

 Spells                   Type           Power      Damage    Failure   Level
 Kiss of Death            Conj/Necr      20%        2d7       12%         1
 Passwall                 Tmut/Erth      4%         N/A       19%         2
 Swiftness                Air            5%         N/A       36%         3
 Animate Dead             Necr           5%         N/A       77%         4
 Dispel Undead            Necr           5%         3d7       77%         4
 Haunt                    Necr/Summ      2%         N/A       100%        7
 Infestation              Necr           2%         N/A       100%        8


Dungeon Overview and Level Annotations

Branches:
Dungeon (7/15)             Temple (1/1) D:5

Altars:
Ashenzari
Cheibriados
Dithmenos
Elyvilon
Fedhas
Gozag
Hepliaklqana
Makhleb
Nemelex Xobeh
Okawaru
Qazlal
Trog
Xom
Yredelemnul
Zin
The Shining One

Shops:
D:3 ?


Innate Abilities, Weirdness & Mutations

You are very small and have problems with some larger weapons.
You are too small for most types of armour.
You have supernaturally acute eyesight. (SInv)
You cover ground extremely quickly. (Speed+++)
You are partially covered in iridescent scales. (AC +2)
You are strong-willed. (Will+)
Your system is resistant to poisons. (rPois)


Message History

The orc wizard hits you but does no damage.
You closely miss the orc wizard.
The orc wizard is severely wounded.
The orc wizard misses you.
You hit the orc wizard.
The orc wizard is almost dead.
The orc wizard hits you with a +2 dagger of speed.
You closely miss the orc wizard.
The orc wizard is almost dead.
The orc wizard misses you.
You hit the orc wizard.
The orc wizard is almost dead.
The orc wizard points at you and mumbles some strange words.
You resist with almost no effort.
You hit the orc wizard.
You kill the orc wizard!
You closely miss the orc. The orc completely misses you.
You closely miss the orc. You closely miss the orc.
The orc hits you but does no damage.
You hit the orc.
The orc is almost dead. "Heh heh heh..."
You are confused.
The orc looks rather confused. x2
You're too confused to attack without stumbling around!
You're too confused to attack without stumbling around!
You're too confused to attack without stumbling around!
You're too confused to attack without stumbling around!
Unknown command.
You bump into the rock wall.
The orc barely misses the orc priest.
The orc misses the orc priest.
You bump into the rock wall.
The orc hits the orc with a +0 club.
The orc is killed!
The orc priest calls down the wrath of Beogh upon you.
Beogh smites you!
* * * LOW HITPOINT WARNING * * *
You're too confused to move!
The orc priest calls down the wrath of Beogh upon you.
Beogh smites you!
You die...

#<.........#...#### ..
#....)............###.#
#.........####.##.....#
######.#### ##..###[...
#.# #........# #.#
####...<[.###. #.#
#............. #.#
#.##.......[.. #@#
#.##.......... #o#
.##..>.......
#)###o##....J.....
#o.#..##....#.#...
##)).###..........
#.##.oo.o.o.$?...
##...##.......#..
#...........#....
.......#####.#.....


You could see an orc priest and an orc (confused).

Vanquished Creatures
  Pikel (D:6)
  A komodo dragon (shapeshifter) (D:6)
  A hornet (D:6)
  Sigmund (D:6)
  A wyvern (D:6)
  A steam dragon (D:6)
  An ice beast (D:6)
  A sky beast (D:6)
  2 black bears
  A phantom (D:6)
  2 necrophages
  6 scorpions
  A wight (D:6)
  2 jellies
  3 orc priests
  3 hounds
  Crazy Yiuf (D:4)
  4 iguanas
  4 orc wizards
  Terence (D:2)
  3 gnolls (D:5)
  3 adders
  A shadow imp (D:6)
  A white imp (D:4)
  An ufetubus (D:5)
  2 worms
  3 dart slugs
  12 orcs
  A ball python (D:1)
  7 endoplasms
  3 giant cockroaches
  10 goblins
  3 hobgoblins
  3 jackals (D:4)
  4 quokkas
  2 bats
  A frilled lizard (D:3)
  11 kobolds
  2 rats
111 creatures vanquished.

Vanquished Creatures (collateral kills)
  A centaur (D:6)
1 creature vanquished.

Grand Total: 112 creatures vanquished

Notes
Turn   | Place    | Note
-------+----------+-------------------------------------------
     0 | D:1      | koil the Spriggan Brigand began the quest for the Orb.
     0 | D:1      | Reached XP level 1. HP: 10/10 MP: 2/2
   271 | D:1      | Reached skill level 6 in Stealth
   290 | D:1      | You fall into a shaft and drop 1 floor!
   316 | D:2      | Reached XP level 2. HP: 14/15 MP: 2/4
   408 | D:1      | Reached skill level 1 in Spellcasting
   893 | D:2      | Noticed a scorpion
   907 | D:2      | Killed a scorpion
   908 | D:2      | Reached XP level 3. HP: 18/18 MP: 4/6
   908 | D:2      | Reached XP level 4. HP: 23/23 MP: 4/7
  1013 | D:2      | Learned a level 3 spell: Confusing Touch
  1334 | D:2      | Found a faded altar of an unknown god.
  1418 | D:2      | Noticed Terence
  1457 | D:2      | Killed Terence
  1559 | D:3      | Found a broken altar of Ashenzari.
  1684 | D:3      | Found Imurais's Magic Scroll Shop.
  1689 | D:3      | Found a white marble altar of Elyvilon.
  1734 | D:3      | Bought a scroll of brand weapon for 114 gold pieces
  1758 | D:3      | Reached skill level 1 in Hexes
  1926 | D:3      | Found a sparkling altar of Nemelex Xobeh.
  1981 | D:3      | Noticed a scorpion
  1987 | D:3      | Killed a scorpion
  1988 | D:3      | Reached XP level 5. HP: 27/27 MP: 9/9
  2354 | D:4      | Reached skill level 7 in Stealth
  2354 | D:4      | Reached XP level 6. HP: 18/32 MP: 10/10
  2658 | D:4      | Found a shadowy altar of Dithmenos.
  2738 | D:4      | Found a runed translucent door.
  2743 | D:4      | Noticed Crazy Yiuf
  2777 | D:4      | Killed Crazy Yiuf
  2935 | D:4      | Reached XP level 7. HP: 36/36 MP: 12/12
  3132 | D:5      | Entered Level 5 of the Dungeon
  3214 | D:6      | Found an iron altar of Okawaru.
  3426 | D:5      | Found a hazy altar of Hepliaklqana.
  3445 | D:5      | Reached skill level 8 in Stealth
  3462 | D:5      | Found a staircase to the Ecumenical Temple.
  3994 | Temple   | Entered the Ecumenical Temple
  3994 | Temple   | Found a transporter.
  3994 | Temple   | Found a transporter.
  3996 | Temple   | Found a transporter.
  3996 | Temple   | Found a transporter.
  4092 | Temple   | Became a worshipper of Xom of Chaos
  4179 | Temple   | Gained mutation: You are strong-willed. (Will+) [potion of
                  | mutation]
  4179 | Temple   | Gained mutation: You are partially covered in iridescent
                  | scales. (AC +2) [potion of mutation]
  4179 | Temple   | Gained mutation: Your system is resistant to poisons.
                  | (rPois) [potion of mutation]
  4206 | D:6      | Noticed a steam dragon
  4212 | D:6      | Killed a steam dragon
  4239 | D:6      | Reached skill level 5 in Dodging
  4328 | D:6      | Reached XP level 8. HP: 37/40 MP: 15/15
  4341 | D:6      | Noticed Sigmund
  4356 | D:6      | Found a snail-covered altar of Cheibriados.
  4357 | D:6      | Killed Sigmund
  4391 | D:6      | XOM: silly message
  4416 | D:6      | Found a blossoming altar of Fedhas.
  4416 | D:6      | XOM: 5-stop teleportation journey
  4513 | D:6      | Reached skill level 5 in Short Blades
  4583 | D:6      | Reached skill level 5 in Spellcasting
  4640 | D:6      | Identified the ring of Irrepressible Laughter {rElec rC+
                  | rN+ rCorr Stlth+} (Xom gifted it to you on level 6 of the
                  | Dungeon)
  4640 | D:6      | XOM: god gift: ring of Irrepressible Laughter {rElec rC+
                  | rN+ rCorr Stlth+}
  4643 | D:6      | XOM: cleaving
  4652 | D:6      | XOM: enchant monster (good)
  4704 | D:6      | Noticed Pikel
  4708 | D:6      | Killed Pikel
  4709 | D:6      | Reached skill level 5 in Hexes
  4725 | D:6      | XOM: cleaving
  4740 | D:6      | Reached XP level 9. HP: 21/46 MP: 18/18
  4886 | D:6      | XOM: cast spell 'Leda's Liquefaction'
  4887 | D:6      | XOM: summons 2 friendly demons
  4957 | D:6      | XOM: noise
  4970 | D:6      | XOM: chaos cloud
  5093 | D:6      | XOM: polymorph black bear -> shapeshifter
  5093 | D:6      | a shapeshifter changed into a rime drake
  5093 | D:6      | Noticed a rime drake (shapeshifter)
  5101 | D:6      | Reached skill level 5 in Fighting
  5103 | D:6      | XOM: scenery: summon butterflies
  5106 | D:6      | XOM: cast spell 'Necromutation'
  5225 | D:6      | XOM: scenery: 1 doors close
  5244 | D:6      | Noticed a komodo dragon
  5254 | D:6      | XOM: potion effect (haste)
  5276 | D:6      | XOM: potion effect (might)
  5282 | D:6      | Killed a komodo dragon
  5459 | D:6      | XOM: silly message
  5698 | D:7      | Learned a level 2 spell: Ensorcelled Hibernation
  5710 | D:7      | Found a glowing silver altar of Zin.
  5763 | D:7      | XOM: confusion (+ monsters)
  5767 | D:7      | Killed from afar by an orc priest

Illustrated notes

Levels and vault maps discovered:
D:1:      dpeg_arrival_shelter, layout_loops_ring
D:2:      layout_loops_cross, shapermc_ecumenical_altar_petra, uniq_terence
D:3:      kb_forest_paths, layout_basic, lemuel_tele_altar,
          mainiacjoe_overflow_six_doors_small, elyvilon_altar_5, serial_shops,
          nicolae_square_shop
D:4:      layout_rooms, nicolae_overflow_crystal_walls, uniq_crazy_yiuf_cottage
D:5:      layout_rooms, nzn_hepliaklqana_mist_gate, minmay_temple_entry_ruins
D:6:      minmay_polygon_palace, layout_rooms, kennysheep_slug_shrine,
          okawaru_trees_2, fedhas_altar_fruit_tree, kennysheep_windowed_goal,
          uniq_sigmund, uniq_pikel
D:7:      layout_rooms, mainiacjoe_overflow_tiny_flanked,
          mainiacjoe_overflow_catwalk, uniq_duvessa
Temple:   hellmonk_temple_divided_pantheon

Skill      XL: |  1  2  3  4  5  6  7  8  9 |
---------------+----------------------------+-----
Stealth        | 6 7 8 |  8.1
Spellcasting   | 1 2 3 4 5 7 |  7.0
Dodging        | 2 3 4 5 6 7 |  7.9
Fighting       | 2 3 4 5 |  5.3
Short Blades   | 3 4 6 |  6.9
Hexes          | 1 2 3 5 |  5.0
Throwing       | |  2.0

Action                   |  1- 3 |  4- 6 |  7- 9 || total
-------------------------+-------+-------+-------++-------
Melee: Dagger            |    53 |   186 |   383 ||   622
       Punch             |       |     2 |     4 ||     6
       Unarmed           |       |       |     5 ||     5
Throw: Dart              |     5 |    16 |    53 ||    74
 Cast: Confusing Touch   |       |     1 |       ||     1
Evoke: Wand              |       |       |     1 ||     1
  Use: Scroll            |       |     1 |    14 ||    15
       Potion            |       |       |     7 ||     7
 Stab: Sleeping          |     7 |    14 |     6 ||    27
       Distracted        |       |     1 |     1 ||     2
       Paralysed         |       |       |     1 ||     1
Armor: Robe              |     8 |    25 |    62 ||    95
Dodge: Dodged            |    28 |    95 |   233 ||   356

Table legend: (Time is in decaauts)
 A = Elapsed time spent in this place.
 B = Non-inter-level travel time spent in this place.
 C = Inter-level travel time spent in this place.
 D = Time resting spent in this place.
 E = Time spent auto-exploring this place.
 F = Levels seen in this place.
 G = Mean time per level.
                   A        B        C        D        E       F      G
               +--------+--------+--------+--------+--------+-----+--------+
         Total |   4093 |   4021 |     72 |    444 |   2309 |   8 |  511.6 |
       Dungeon |   3950 |   3878 |     72 |    410 |   2309 |   7 |  564.3 |
        Temple |    143 |    143 |      0 |     34 |      0 |   1 |  143.0 |
               +--------+--------+--------+--------+--------+-----+--------+

Top non-repeatable levels by time:
     D:6: 1235 daAuts
     D:4: 702 daAuts
     D:1: 515 daAuts
     D:2: 514 daAuts
     D:5: 487 daAuts
     D:3: 436 daAuts
  Temple: 143 daAuts
     D:7: 58 daAuts
